 Dungeon Crawl Stone Soup version 0.30.0-29-ga12c61a403 (webtiles) character file.

Game seed: 3185956840218361688

9 McKennaii the Trooper (level 2, 0/24 HPs)
             Began as a Demonspawn Fighter on June 5, 2023.
             Slain by a gnoll
             ... wielding a +0 flail
              (10 damage)
             ... on level 1 of the Dungeon.
             The game lasted 00:00:34 (216 turns).

McKennaii the Trooper (Demonspawn Fighter)           Turns: 216, Time: 00:00:35

Health: 0/24       AC:  6    Str: 16    XL:     2   Next: 3%
Magic:  2/2        EV:  9    Int:  9    God:
Gold:   0          SH:  0    Dex: 12    Spells: 1/1 levels left

rFire   . . .        (no weapon)
rCold   . . .        (no shield)
rNeg    . . .        b - +0 scale mail
rPois   .            (no helmet)
rElec   .            (no cloak)
rCorr   .            (no gloves)
SInv    .            (no boots)
Will    .....        (no amulet) Stlth
                     (no ring)
HPRegen 0.24/turn    (no ring)
MPRegen 0.08/turn

%: no passive effects
@: no status effects
A: demonic touch 1
a: no special abilities


You were on level 1 of the Dungeon.
You visited 1 branch of the dungeon, and saw 1 of its levels.

Inventory:

Armour
 b - a +0 scale mail (worn)
Scrolls
 a - a scroll of identify {unknown}
 e - a scroll of brand weapon {unknown}
 f - a scroll of blinking {unknown}
Potions
 d - a potion of might
 g - a potion of heal wounds {unknown}


   Skills:
 + Level 3.1 Fighting
 - Level 2.0 Polearms
 + Level 2.8 Armour
 - Level 2.8 Shields
 + Level 0.0 Unarmed Combat


You had one spell level left.
You didn't know any spells.
Your spell library was empty.

Dungeon Overview and Level Annotations

Branches:
Dungeon (1/15)

Altars:


Innate Abilities, Weirdness & Mutations

Your touch may inflict minor irresistible damage on your foes.


Message History

A hobgoblin comes into view.
The hobgoblin shouts!
A gnoll comes into view. It is wielding a +0 flail.
The gnoll shouts!
There are monsters nearby!
A gnoll is nearby!
The gnoll misses you.
You hit the gnoll but do no damage. You punch the gnoll.
The gnoll is moderately wounded.
The gnoll hits you but does no damage.
You hit the gnoll but do no damage.
The gnoll is moderately wounded.
The hobgoblin hits you but does no damage.
The gnoll hits you with a +0 flail.
You barely miss the gnoll.
The gnoll is moderately wounded.
The gnoll misses you. The hobgoblin completely misses you.
You hit the gnoll but do no damage. Your touch misses the gnoll.
The gnoll is moderately wounded.
The gnoll hits you with a +0 flail. The hobgoblin barely misses you.
You closely miss the gnoll.
The gnoll is lightly wounded.
The hobgoblin hits you. The gnoll closely misses you.
You hit the gnoll but do no damage.
The gnoll is lightly wounded.
The gnoll closely misses you.
The hobgoblin hits you but does no damage.
You hit the gnoll but do no damage.
The gnoll is lightly wounded.
The gnoll hits you with a +0 flail.
The hobgoblin hits you but does no damage.
The gnoll attacks as you move away! The gnoll closely misses you.
The hobgoblin attacks as you move away! The hobgoblin closely misses you.
You hit the gnoll but do no damage.
The gnoll is lightly wounded.
The gnoll closely misses you.
You hit the gnoll but do no damage. Your touch misses the gnoll.
The gnoll is lightly wounded.
The gnoll hits you with a +0 flail!
You die...

#.###.#..# #.# #.#
##.#.## #....... #.#
##...# #......### ...#
#...# #.#...... # .###
#...# #.#..#.##.## .#
#...# #.#......... .#
#####...#####.#.........
.#
..............#.#...#...
..
.............@gg........
##
.............##.....#.#.
#####...#######..##.#
#...# #.... .. #...#
##.### ... #...# #.# ##
..... #.. ###


You could see a gnoll and a hobgoblin.

Vanquished Creatures
  An endoplasm (D:1)
  3 goblins (D:1)
  3 bats (D:1)
  A frilled lizard (D:1)
8 creatures vanquished.

Notes
Turn   | Place    | Note
-------+----------+-------------------------------------------
     0 | D:1      | McKennaii the Demonspawn Fighter began the quest for the
                  | Orb.
     0 | D:1      | Reached XP level 1. HP: 18/18 MP: 1/1
   142 | D:1      | Discovered your monstrous ancestry.
   142 | D:1      | Gained mutation: Your touch may inflict minor irresistible
                  | damage on your foes. [demonic ancestry]
   142 | D:1      | Reached XP level 2. HP: 24/24 MP: 2/2
   216 | D:1      | Slain by a gnoll

Illustrated notes

Levels and vault maps discovered:
D:1:      nicolae_arrival_washed_ashore, layout_loops_cross,
          kennysheep_nondescript

Skill      XL: |  1 |
---------------+----+-----
Polearms       | 2 |  2.0
Fighting       | |  3.1
Armour         | |  2.8
Shields        | |  2.8

Action                     || total
---------------------------++-------
  Melee: Trident           ||    11
         Unarmed           ||    10
         Touch             ||     1
         Punch             ||     1
 Armour: Scale mail        ||     6
  Dodge: Dodged            ||    14
  Block: Buckler           ||     1
